 Dungeon Crawl Stone Soup version 0.23-b1-86-gba62f8e092 (webtiles) character file.

Game seed: 15049058152643853132

11599 Peloso the Carver (level 11, -1/94 (95) HPs)
             Began as a Minotaur Fighter on Feb 8, 2019.
             Was a High Priest of Okawaru.
             Slain by a 20-headed hydra (8 damage)
             ... on level 11 of the Dungeon.
             The game lasted 00:23:28 (10619 turns).

Peloso the Carver (Minotaur Fighter)               Turns: 10619, Time: 00:23:28

HP:   -1/94 (95)    AC: 15    Str: 22    XL:     11   Next: 51%
MP:   0/10          EV: 12    Int:  5    God:    Okawaru [*****.]
Gold: 524           SH: 22    Dex: 28    Spells: 10/10 levels left

rFire    . . .     SeeInvis .   a - +0 long sword
rCold    + + .     Gourm    .   c - +2 large shield {rC+}
rNeg     . . .     Faith    .   L - +0 plate armour of Absence {rC+}
rPois    .         Spirit   +   (helmet restricted)
rElec    .         Reflect  .   (no cloak)
rCorr    .         Harm     .   M - +0 pair of gloves {Dex+3}
MR       .....                  (no boots)
Stlth    ..........             E - amulet of guardian spirit
HPRegen  0.25/turn              m - +2 ring of dexterity
MPRegen  0.12/turn              h - +6 ring of dexterity

@: agile, finesse
A: retaliatory headbutt, horns 2
a: Heroism, Finesse, Renounce Religion


You were on level 11 of the Dungeon.
You worshipped Okawaru.
Okawaru was extremely pleased with you.
You were very hungry.

You visited 2 branches of the dungeon, and saw 12 of its levels.

You collected 764 gold pieces.
You spent 240 gold pieces at shops.

Inventory:

Hand Weapons
 a - a +0 long sword (weapon)
 A - a +0 scythe of flaming
Armour
 b - a +0 scale mail
 c - a +2 large shield of cold resistance (worn)
 K - the +1 scale mail of the Stallion {MR+ Int+5}
   (You found it on level 10 of the Dungeon)

   It affects your intelligence (+5).
   It affects your resistance to hostile enchantments.
 L - the +0 plate armour of Absence (worn) {rC+}
   (You found it on level 10 of the Dungeon)

   It protects you from cold.
 M - a +0 pair of gloves of dexterity (worn)
Jewellery
 h - a +6 ring of dexterity (right hand)
 m - a +2 ring of dexterity (left hand)
 w - an uncursed ring of protection from fire
 C - an uncursed ring of positive energy
 E - an amulet of guardian spirit (around neck)
Wands
 n - a wand of flame (45)
 v - a wand of polymorph (6)
 x - a wand of digging (6)
 D - a wand of iceblast (4)
 F - a wand of acid (9)
 H - a wand of disintegration (21)
Scrolls
 g - 2 scrolls of identify
 l - 3 scrolls of amnesia
 o - 4 scrolls of remove curse
 p - 3 scrolls of enchant weapon
 q - 5 scrolls of fear
 r - 2 scrolls of enchant armour
 t - 3 scrolls of noise
 u - a scroll of random uselessness {unknown}
 y - 2 scrolls of magic mapping {unknown}
 z - a scroll of teleportation
 B - a scroll of immolation {unknown}
 G - 2 scrolls of blinking {unknown}
Potions
 d - 2 potions of ambrosia
 e - 2 potions of mutation
 i - 4 potions of curing
 j - 4 potions of brilliance
 k - 3 potions of haste
 s - a potion of flight {unknown}
 J - a potion of heal wounds {unknown}
Comestibles
 f - 20 rations


   Skills:
 + Level 8.8 Fighting
 + Level 12.8 Long Blades
 + Level 9.3 Armour
 + Level 3.0 Dodging
 + Level 1.4 Stealth
 + Level 12.8 Shields
 + Level 0.3 Invocations
 + Level 0.4 Evocations


You had 10 spell levels left.
You didn't know any spells.
Your spell library contained the following spells:

 Spells                   Type           Power        Failure   Level  Hunger
 Summon Butterflies       Summ           #.......     100%        1    ##.....
 Call Canine Familiar     Summ           #.......     100%        3    ####...
 Summon Ice Beast         Ice/Summ       #.......     100%        4    #####..
 Summon Mana Viper        Hex/Summ       #.......     100%        5    ######.
 Summon Hydra             Summ           #.........   100%        7    #######


Dungeon Overview and Level Annotations

Branches:
Dungeon (11/15)            Temple (1/1) D:4            Lair (0/6) D:8
    Orc: D:9-12

Altars:
Ashenzari
Cheibriados
Dithmenos
Elyvilon
Fedhas
Gozag
Hepliaklqana
Kikubaaqudgha
Makhleb
Nemelex Xobeh
Okawaru
Qazlal
Ru
Sif Muna
Trog
Uskayaw
Vehumet
Wu Jian
Xom
Yredelemnul
Zin
The Shining One

Shops:
D:4 ?

Annotations:
D:7 Prince Ribbit
D:11 1 runed translucent door


Innate Abilities, Weirdness & Mutations

You reflexively headbutt those who attack you in melee.
You have a pair of horns on your head.


Message History

Unknown command.
You lop one of the 18-headed hydra's heads off!
The 17-headed hydra grows two more!
You slash the 19-headed hydra!
The 19-headed hydra is almost dead.
You feel like a meek peon again.
Unknown command.
You hack one of the 19-headed hydra's heads off!
The 18-headed hydra grows two more!
You slash the 20-headed hydra! You headbutt the 20-headed hydra.
The 20-headed hydra is almost dead.
You block the 20-headed hydra's attack. x2
The 20-headed hydra bites you but does no damage.
The 20-headed hydra bites you.
* * * LOW HITPOINT WARNING * * *
You block the 20-headed hydra's attack. The 20-headed hydra misses you.
The 20-headed hydra bites you.
* * * LOW HITPOINT WARNING * * *
The 20-headed hydra bites you but does no damage.
The 20-headed hydra bites you!
You die...

#.. #[# #.. #.#
#. ##.# .##.#
######. #.# .....
#.# ##.## #.#
##.####...#####.#
#......(.(D@....#
#..####...#######
... ##.## . #.#
#.# ..# ###


You could see a 20-headed hydra.

Vanquished Creatures
  2 two-headed ogres
  An unseen horror (D:9)
  Pikel (D:8)
  2 cyclopes (D:11)
  Psyche (D:8)
  2 trolls (D:10)
  2 hippogriffs
  Sigmund (D:6)
  14 yaks
  A water moccasin (D:9)
  A slave (D:8)
  3 ice beasts
  7 sky beasts
  A necrophage (D:4)
  2 black bears
  3 ogres
  5 orc warriors
  An eye of draining (D:11)
  5 centaurs
  A crocodile (D:10)
  2 big kobolds
  10 bullfrogs
  A gnoll sergeant (D:9)
  A wyvern skeleton (D:6)
  5 scorpions
  7 killer bees
  2 wights
  5 crimson imps
  A howler monkey (D:3)
  3 jellies (D:6)
  An orc priest (D:9)
  9 orc wizards
  6 hounds
  An iguana (D:4)
  A centaur skeleton (D:7)
  8 worker ants
  A killer bee zombie (D:6)
  2 hound skeletons
  3 worker ant zombies
  5 gnolls (D:9)
  A howler monkey zombie (D:9)
  7 adders
  An adder skeleton (D:7)
  3 worms
  2 dart slugs (D:3)
  8 leopard geckos
  26 orcs
  3 ball pythons
  4 giant cockroaches
  9 goblins
  8 hobgoblins
  2 jackals (D:3)
  5 quokkas
  9 bats
  7 frilled lizards
  13 kobolds
  3 rats
241 creatures vanquished.

Vanquished Creatures (others)
  A quokka (D:8)
1 creature vanquished.

Grand Total: 242 creatures vanquished

Notes
Turn   | Place    | Note
-------+----------+-------------------------------------------
     0 | D:1      | Peloso the Minotaur Fighter began the quest for the Orb.
     0 | D:1      | Reached XP level 1. HP: 19/19 MP: 0/0
   127 | D:1      | Reached XP level 2. HP: 25/27 MP: 1/1
   547 | D:1      | Reached XP level 3. HP: 33/33 MP: 2/2
  1483 | D:2      | Found a white marble altar of Elyvilon.
  1573 | D:3      | Found a glowing silver altar of Zin.
  1717 | D:3      | Reached XP level 4. HP: 40/40 MP: 3/3
  1788 | D:3      | Reached skill level 1 in Dodging
  1990 | D:3      | Found a sparkling altar of Nemelex Xobeh.
  2182 | D:3      | Reached XP level 5. HP: 46/46 MP: 4/4
  2203 | D:4      | Found a staircase to the Ecumenical Temple.
  2218 | Temple   | Entered the Ecumenical Temple
  2261 | Temple   | Became a worshipper of Warmaster Okawaru
  2300 | D:4      | Noticed a necrophage
  2309 | D:4      | Reached skill level 5 in Long Blades
  2320 | D:4      | Killed a necrophage
  2320 | D:4      | Reached skill level 5 in Shields
  2320 | D:4      | Reached XP level 6. HP: 27/52 MP: 5/5
  2484 | D:4      | Found Xycoarat's Magic Scroll Boutique.
  2503 | D:4      | Bought a scroll of noise for 10 gold pieces
  2503 | D:4      | Bought a scroll of identify for 20 gold pieces
  2503 | D:4      | Bought a scroll of remove curse for 30 gold pieces
  2503 | D:4      | Bought a scroll of teleportation for 30 gold pieces
  2503 | D:4      | Bought a scroll of fog for 20 gold pieces
  2786 | D:5      | Entered Level 5 of the Dungeon
  2849 | D:5      | Found a sacrificial altar of Ru.
  3214 | D:5      | Reached * piety under Okawaru
  3225 | D:5      | Reached XP level 7. HP: 43/59 MP: 6/6
  3520 | D:5      | Noticed a +0 dagger
  3520 | D:5      | Noticed a +0 dagger
  3521 | D:5      | Found a hide-covered altar of Uskayaw.
  3538 | D:5      | Reached skill level 5 in Armour
  3663 | D:5      | Found a stormy altar of Qazlal.
  3710 | D:4      | Bought a scroll of enchant weapon for 75 gold pieces
  3710 | D:4      | Bought a scroll of fear for 35 gold pieces
  3710 | D:4      | Bought a scroll of identify for 20 gold pieces
  3806 | D:6      | Reached skill level 5 in Fighting
  3870 | D:6      | Reached XP level 8. HP: 65/67 MP: 7/7
  3979 | D:6      | Reached ** piety under Okawaru
  4284 | D:6      | Noticed Sigmund
  4483 | D:6      | Killed Sigmund
  4517 | D:6      | Found an ornate altar of the Wu Jian Council.
  5001 | D:7      | Reached *** piety under Okawaru
  5001 | D:7      | Reached XP level 9. HP: 74/74 MP: 8/8
  5059 | D:7      | Found a burning altar of Makhleb.
  5059 | D:7      | Noticed a cacodemon
  5076 | D:7      | Noticed Prince Ribbit
  5362 | D:8      | Found a staircase to the Lair.
  5409 | D:8      | Found an ornate altar of the Wu Jian Council.
  5562 | D:8      | Noticed Psyche
  5574 | D:8      | Killed Psyche
  5574 | D:8      | Reached skill level 10 in Long Blades
  5590 | D:8      | Found a shadowy altar of Dithmenos.
  5666 | D:8      | Noticed Pikel
  5692 | D:8      | Killed Pikel
  5692 | D:8      | Reached **** piety under Okawaru
  6190 | D:9      | Reached skill level 10 in Shields
  6190 | D:9      | Reached XP level 10. HP: 59/83 MP: 7/9
  6809 | D:9      | Reached ***** piety under Okawaru
  7078 | D:9      | Found a shimmering altar of Xom.
  7078 | D:9      | Found a shimmering altar of Xom.
  7078 | D:9      | Found a shimmering altar of Xom.
  7079 | D:9      | Found a shimmering altar of Xom.
  7079 | D:9      | Found a shimmering altar of Xom.
  7163 | D:10     | Entered Level 10 of the Dungeon
  7542 | D:10     | Got a heavily runed plate armour
  7559 | D:9      | HP: 4/85 [something (5)]
  7807 | D:9      | Noticed a death drake
  7814 | D:9      | Identified the cursed +0 plate armour of Absence {rC+} (You
                  | found it on level 10 of the Dungeon)
  7834 | D:9      | Reached skill level 1 in Stealth
  8237 | D:10     | Noticed a two-headed ogre
  8253 | D:10     | Killed a two-headed ogre
  8415 | D:10     | Received a gift from Okawaru
  8420 | D:10     | Got a jewelled scale mail
  8431 | D:10     | Identified the +1 scale mail of the Stallion {MR+ Int+5}
                  | (You found it on level 10 of the Dungeon)
  8511 | D:10     | Reached XP level 11. HP: 77/93 MP: 7/10
  8869 | D:9      | Killed an unseen horror
  9950 | D:11     | Found a runed translucent door.
  9951 | D:11     | Noticed a sixfirhy
  9957 | D:11     | Found a shimmering altar of Xom.
 10349 | D:11     | Noticed a two-headed ogre
 10363 | D:11     | Killed a two-headed ogre
 10583 | D:11     | Noticed a five-headed hydra
 10619 | D:11     | Slain by a 20-headed hydra

Skill      XL: |  1  2  3  4  5  6  7  8  9 10 11 |
---------------+----------------------------------+-----
Armour         | 4 5 6 8 9 |  9.3
Shields        | 4 5 6 7 10 11 12 | 12.8
Fighting       | 4 5 6 7 8 |  8.8
Long Blades    | 3 4 5 6 7 9 10 12 | 12.8
Dodging        | 1 2 3 |  3.0
Stealth        | 1 |  1.4
Invocations    | |  0.3
Evocations     | |  0.4

Action                   |  1- 3 |  4- 6 |  7- 9 | 10-12 || total
-------------------------+-------+-------+-------+-------++-------
Melee: Long sword        |   111 |    81 |   323 |   385 ||   900
       Headbutt          |     9 |    14 |   103 |   156 ||   282
Invok: Heroism           |       |       |       |     5 ||     5
       Finesse           |       |       |       |     1 ||     1
Evoke: Wand              |       |       |     2 |       ||     2
  Use: Scroll            |       |     4 |     6 |     4 ||    14
       Potion            |       |       |       |     3 ||     3
  Eat: Chunk             |     2 |     3 |     8 |    11 ||    24
       Ration            |       |     1 |       |     1 ||     2
Armor: Scale mail        |    52 |    23 |       |       ||    75
       Chain mail        |       |       |    51 |       ||    51
       Plate armour      |       |       |    39 |   133 ||   172
Dodge: Dodged            |    40 |    27 |    36 |    70 ||   173
Block: Shield            |    66 |    31 |    63 |       ||   160
       Large shield      |       |       |   172 |   476 ||   648
       Rpst.: Long sword |    12 |     3 |     4 |    16 ||    35
